 Dungeon Crawl Stone Soup version 0.30.1-3-gfc49f6343a (webtiles) character file.

Game seed: 12097326425173625790

3719 safid the Frost Mage (level 10, -3/77 (80) HPs)
             Began as a Merfolk Ice Elementalist on Aug 3, 2023.
             Slain by Joseph
             ... wielding a +0 quarterstaff of distortion
              (5 damage)
             ... on level 7 of the Dungeon.
             The game lasted 00:15:09 (7372 turns).

safid the Frost Mage (Merfolk Ice Elementalist)     Turns: 7372, Time: 00:15:10

HP:   -3/77 (80)    AC: 15    Str:  8    XL:     10   Next: 14%
MP:   26/29         EV: 14    Int: 20    God:
Gold: 284           SH:  0    Dex: 14    Spells: 11/23 levels left

rFire   . . .        h - +1 whip (venom)
rCold   . . .        (no shield)
rNeg    . . .        a - +0 robe
rPois   .            t - +0 helmet
rElec   .            (no cloak)
rCorr   .            v - +2 pair of gloves
SInv    .            u - +0 pair of boots
Will    .....        y - amulet of regeneration
Stlth   ++           l - +4 ring of slaying
HPRegen 1.12/turn    x - ring of magical power
MPRegen 0.21/turn

%: no passive effects
@: ice-armoured, lightly drained
A: (nimble swimmer 2), mertail
a: no special abilities


You were on level 7 of the Dungeon.
You visited 1 branch of the dungeon, and saw 7 of its levels.

You collected 394 gold pieces.
You spent 110 gold pieces at shops.

Inventory:

Hand Weapons
 h - a +1 whip of venom (weapon)
Missiles
 f - 5 silver javelins
 r - 2 throwing nets
Armour
 a - a +0 robe (worn)
 t - a +0 helmet (worn)
 u - a +0 pair of boots (worn)
 v - a +2 pair of gloves (worn)
Jewellery
 l - a +4 ring of slaying (left hand)
 s - a ring of fire
 x - a ring of magical power (right hand)
 y - an amulet of regeneration (around neck)
Wands
 C - a wand of paralysis (12)
Scrolls
 g - a scroll of silence
 i - 3 scrolls of amnesia
 j - 2 scrolls of enchant armour
 k - 2 scrolls of magic mapping {unknown}
 z - a scroll of fog
 A - a scroll of teleportation
 B - a scroll of noise {unknown}
 D - a scroll of fear {unknown}
Potions
 b - 3 potions of magic
 c - a potion of degeneration {unknown}
 d - a potion of lignification {unknown}
 e - 2 potions of curing {unknown}
 m - 2 potions of flight {unknown}
 n - 5 potions of berserk rage
 o - a potion of haste {unknown}
 q - 2 potions of invisibility
 w - 2 potions of cancellation


   Skills:
 + Level 8.2 Fighting
 + Level 5.1 Dodging
 - Level 2.1 Stealth
 + Level 7.2 Spellcasting
 + Level 2.5 Conjurations
 + Level 9.5 Ice Magic
 - Level 2.0 Air Magic


You had 11 spell levels left.
You knew the following spells:

 Your Spells              Type           Power      Damage    Failure   Level
a - Freeze                Ice            100%       1d10      1%          1
b - Frozen Ramparts       Ice            90%        1d14      1%          3
c - Ozocubu's Armour      Ice            45%        N/A       1%          3
d - Freezing Cloud        Conj/Ice/Air   12%        6-21      36%         5

Your spell library contained the following spells:

 Spells                   Type           Power      Damage    Failure   Level
 Ensorcelled Hibernation  Hex/Ice        52%        N/A       1%          2
 Cigotuvi's Dreadful Rot  Necr/Pois/Air  18%        N/A       11%         2
 Swiftness                Air            15%        N/A       12%         3
 Summon Ice Beast         Ice/Summ       26%        N/A       13%         4
 Passwall                 Tmut/Erth      5%         N/A       14%         2
 Ignite Poison            Fire/Tmut/Pois 7%         N/A       28%         3
 Spider Form              Tmut/Pois      7%         N/A       28%         3
 Olgreb's Toxic Radiance  Pois           7%         N/A       67%         4
 Haunt                    Necr/Summ      3%         N/A       100%        7
 Discord                  Hex            3%         N/A       100%        8
 Ignition                 Fire           3%         3d4       100%        8
 Death's Door             Necr           3%         N/A       100%        9


Dungeon Overview and Level Annotations

Branches:
Dungeon (7/15)
 Temple: D:4-7

Altars:
Gozag
Qazlal

Shops:
D:4 *=   D:6 *   D:7 *

Annotations:
D:3 1 runed translucent door, Crazy Yiuf
D:7 Joseph


Innate Abilities, Weirdness & Mutations

((You are very nimble when in or above water. (Stealth+, EV+, Speed+++)))
Your lower body shifts to a powerful aquatic tail in water.


Message History

Items here: )) [[.
Okay, then.
You now have 284 gold pieces (gained 9).
Found Pali's Assorted Antiques.
There is an entrance to Pali's Assorted Antiques here.
Joseph shouts!
You hit Joseph.
Joseph is poisoned.
Joseph is lightly wounded.
Joseph unwields a +0 sling of freezing.
Joseph wields a +0 quarterstaff of distortion.
Its appearance distorts for a moment.
Joseph completely misses you.
You hit Joseph.
Joseph looks as sick as possible!
Joseph is lightly wounded.
Joseph zaps a wand.
The bolt of acid misses you.
You hit Joseph.
Joseph is lightly wounded.
Joseph hits you with a +0 quarterstaff of distortion.
Space warps horribly around you!
Joseph hits you with a +0 quarterstaff of distortion.
Space warps around you.
You whack Joseph!
Joseph looks as sick as possible!
Joseph is moderately wounded.
Joseph hits you with a +0 quarterstaff of distortion!
Space warps horribly around you!
You closely miss Joseph.
Joseph is moderately wounded.
Joseph hits you with a +0 quarterstaff of distortion!
* * * LOW HITPOINT WARNING * * *
Space warps around you.
* * * LOW HITPOINT WARNING * * *
Unknown command.
Casting: Frozen Ramparts (safe; 1% risk of failure)
Confirm with . or Enter, or press ? or * to list all spells.
A film of ice covers your body!
Joseph hits you with a +0 quarterstaff of distortion!
* * * LOW HITPOINT WARNING * * *
Space warps around you.
* * * LOW HITPOINT WARNING * * *
Joseph hits you with a +0 quarterstaff of distortion.
You die...

#......# #........
#####...## #........
.......####........
...................
.......###.........
############ ###.......
#......# ##......
#......# #####..
#....@@#############.>#
#....................##
#......#########.######
#......# #....∩..
######## ########


You could see Joseph (extremely poisoned).

Vanquished Creatures
  Prince Ribbit (D:6)
  Grinder (D:4)
  Sigmund (D:6)
  Eustachio (D:6)
  3 water moccasins
  Pargi (D:3)
  2 orc warriors
  A sky beast (D:7)
  An ice beast (D:6)
  A black bear (D:5)
  2 ogres (D:6)
  Blork the orc (D:5)
  A bullfrog (D:7)
  4 scorpions
  2 wights (D:7)
  9 killer bees (D:7)
  A howler monkey (D:5)
  A gnoll bouda (D:4)
  2 jellies
  3 orc priests
  3 hounds
  6 iguanas
  9 orc wizards
  Robin (D:4)
  9 adders
  16 gnolls
  A shadow imp (D:7)
  2 white imps
  2 worms (D:3)
  2 dart slugs
  32 orcs
  4 ball pythons
  5 bats
  10 endoplasms
  15 goblins
  6 hobgoblins
  6 kobolds
  4 quokkas
  3 frilled lizards (D:3)
  4 rats
179 creatures vanquished.

Notes
Turn   | Place    | Note
-------+----------+-------------------------------------------
     0 | D:1      | safid the Merfolk Ice Elementalist began the quest for the
                  | Orb.
     0 | D:1      | Reached XP level 1. HP: 13/13 MP: 3/3
   339 | D:1      | Reached XP level 2. HP: 20/20 MP: 3/5
   391 | D:1      | Reached skill level 1 in Fighting
  1020 | D:2      | Found a faded altar of an unknown god.
  1029 | D:2      | Reached XP level 3. HP: 24/26 MP: 6/6
  1713 | D:3      | Reached skill level 5 in Ice Magic
  1729 | D:3      | Found an opulent altar of Gozag.
  1738 | D:3      | Reached XP level 4. HP: 9/33 MP: 6/8
  2034 | D:3      | Noticed Pargi
  2060 | D:3      | Killed Pargi
  2061 | D:3      | Reached XP level 5. HP: 4/41 MP: 3/10
  2445 | D:3      | Found a runed translucent door.
  2446 | D:3      | Noticed Crazy Yiuf
  2525 | D:3      | Reached XP level 6. HP: 39/47 MP: 11/11
  2534 | D:3      | Learned a level 3 spell: Frozen Ramparts
  2538 | D:3      | Learned a level 3 spell: Ozocubu's Armour
  3147 | D:4      | Reached skill level 6 in Ice Magic
  3193 | D:4      | Found Feot's General Store.
  3200 | D:4      | Bought a potion of heal wounds for 50 gold pieces
  3200 | D:4      | Bought 3 scrolls of identify for 60 gold pieces
  3340 | D:4      | Noticed Grinder
  3372 | D:4      | Paralysed by Grinder for 2 turns
  3413 | D:4      | Paralysed by Grinder for 2 turns
  3419 | D:4      | Paralysed by Grinder for 5 turns
  3422 | D:4      | Killed Grinder
  3423 | D:4      | Reached XP level 7. HP: 29/55 MP: 5/13
  3710 | D:4      | Found Heuz's Weapon Emporium.
  3713 | D:4      | Noticed Robin
  3725 | D:4      | Killed Robin
  4062 | D:4      | Reached skill level 5 in Fighting
  4199 | D:4      | Found Qoanupp's Jewellery Shop.
  4340 | D:5      | Entered Level 5 of the Dungeon
  4347 | D:5      | Reached skill level 7 in Ice Magic
  4413 | D:5      | Reached XP level 8. HP: 61/62 MP: 8/15
  4431 | D:5      | Reached skill level 5 in Spellcasting
  4893 | D:5      | Noticed Blork the orc
  4902 | D:5      | Killed Blork the orc
  4985 | D:5      | Found a stormy altar of Qazlal.
  5294 | D:6      | Noticed Prince Ribbit
  5313 | D:6      | Killed Prince Ribbit
  5314 | D:6      | Reached skill level 8 in Ice Magic
  5437 | D:6      | Reached XP level 9. HP: 71/71 MP: 11/18
  5674 | D:6      | Found Maagry's General Store.
  5976 | D:6      | Learned a level 5 spell: Freezing Cloud
  6463 | D:6      | Noticed Sigmund
  6472 | D:6      | Killed Sigmund
  6473 | D:6      | Reached skill level 1 in Air Magic
  6529 | D:6      | Noticed Eustachio
  6547 | D:6      | Killed Eustachio
  6548 | D:6      | Reached skill level 1 in Conjurations
  6548 | D:6      | Reached skill level 9 in Ice Magic
  7048 | D:7      | Got the Anthology of Sinister Spells and Variation
  7061 | D:7      | Reached XP level 10. HP: 80/80 MP: 20/20
  7156 | D:7      | Noticed Joseph
  7266 | D:7      | Reached skill level 5 in Dodging
  7345 | D:7      | Found Pali's Assorted Antiques.
  7371 | D:7      | HP: 1/77 [Joseph/+0 quarterstaff of distortion (4)]
  7372 | D:7      | Slain by Joseph

Illustrated notes

Levels and vault maps discovered:
D:1:      nzn_arrival_water_spiral, layout_loops_corners
D:2:      layout_rooms, nicolae_ecumenical_pavilion, chequers_avenue
D:3:      layout_basic, grunt_gozag_breadcrumbs, dk_noncrumbling_3, uniq_pargi,
          uniq_crazy_yiuf_cottage
D:4:      layout_basic, serial_shops, nicolae_square_shop,
          kennysheep_little_box, nicolae_shop_peninsula, uniq_robin,
          uniq_grinder
D:5:      layout_rooms, grunt_qazlal_clouds, grunt_ministairs_1,
          uniq_blork_the_orc
D:6:      layout_basic, serial_shops, shop, uniq_eustachio, uniq_prince_ribbit1,
          uniq_sigmund
D:7:      layout_rooms, minmay_temple_entry_fiery, serial_shops, shop,
          uniq_joseph

Skill      XL: |  1  2  3  4  5  6  7  8  9 10 |
---------------+-------------------------------+-----
Fighting       | 1 2 3 4 5 6 8 |  8.2
Ice Magic      | 5 6 7 8 9 |  9.5
Spellcasting   | 3 4 6 7 |  7.2
Dodging        | 4 5 |  5.1
Air Magic      | 2 |  2.0
Conjurations   | 2 |  2.5
Stealth        | |  2.1

Action                     |  1- 3 |  4- 6 |  7- 9 | 10-12 || total
---------------------------+-------+-------+-------+-------++-------
  Melee: Unarmed           |     1 |       |       |       ||     1
         Whip              |    47 |    88 |   121 |    25 ||   281
         Short sword       |     7 |       |       |       ||     7
         Punch             |       |       |     3 |       ||     3
   Cast: Freeze            |    11 |     7 |       |       ||    18
         Ozocubu's Armour  |       |     6 |    34 |     6 ||    46
         Frozen Ramparts   |       |     5 |    42 |     7 ||    54
    Use: Scroll            |       |       |    10 |       ||    10
         Potion            |       |       |       |     2 ||     2
   Stab: Sleeping          |     8 |     6 |     3 |       ||    17
 Armour: Robe              |    10 |    10 |    54 |     6 ||    80
  Dodge: Dodged            |    43 |    65 |    86 |    30 ||   224
